 Dungeon Crawl Stone Soup version 0.32-a0-519-g08f29ac1c3 (webtiles) character file.

Game seed: 17244571008913098238

63 MurktideRegent the Slasher (level 4, -8/34 HPs)
             Began as a Coglin Gladiator on Feb 28, 2024.
             Mangled by an iguana (9 damage)
             ... on level 4 of the Dungeon.
             The game lasted 00:01:03 (1017 turns).

MurktideRegent the Slasher (Coglin Gladiator)       Turns: 1017, Time: 00:01:03

Health: -8/34      AC:  6    Str: 12 (14) XL:     4   Next: 10%
Magic:  4/4        EV: 11    Int:  4 (7)  God:
Gold:   140        SH:  0    Dex: 16 (18) Spells: 3/3 levels left

rFire   . . .        a - +0 long sword {Shunnareh}
rCold   . . .        g - +0 dagger {Aida}
rNeg    . . .        o - +0 ring mail
rPois   .            c - +0 helmet
rElec   .            (no cloak)
rCorr   .            (no gloves)
SInv    .            (no boots)
Will    +....        (no amulet)
Stlth   +            (ring unavailable)
HPRegen 0.25/turn    (ring unavailable)
MPRegen 0.09/turn

%: no passive effects
@: enlightened, flying, revved
A: off-hand wielding, slow wielding, warmup strikes, no rings
a: no special abilities


You were on level 4 of the Dungeon.
You visited 1 branch of the dungeon, and saw 3 of its levels.

You collected 140 gold pieces.

Inventory:

Hand Weapons
 a - a +0 long sword (weapon) {Shunnareh}
 g - a +0 dagger (offhand) {Aida}
Missiles
 d - 3 throwing nets (quivered)
 e - a javelin
Armour
 b - a +0 leather armour
 c - a +0 helmet (worn)
 o - a +0 ring mail (worn)
Scrolls
 f - 3 scrolls of identify {unknown}
 h - a scroll of teleportation {unknown}
 i - a scroll of fear {unknown}
 j - a scroll of noise {unknown}
Potions
 k - a potion of ambrosia {unknown}
 n - a potion of magic {unknown}


   Skills:
 + Level 2.7 Fighting
 * Level 4.0 Long Blades
 - Level 1.7 Throwing
 + Level 3.1 Dodging


You had 3 spell levels left.
You didn't know any spells.
Your spell library was empty.

Dungeon Overview and Level Annotations

Branches:
Dungeon (4/15)
 Temple: D:4-7

Altars:


Innate Abilities, Weirdness & Mutations

You can wield a second weapon in your off-hand.
It takes a long time for you to wield or remove held weapons.
Your first few attacks do less damage.
Your grasper-arms cannot wear rings.


Message History

You hit the orc but do no damage. x2; The orc completely misses you.
The orc wizard gestures wildly while chanting.
The orc wizard flickers and vanishes!
You hit the orc but do no damage. x2; The orc completely misses you.
You hit the orc with your +0 long sword.
The orc is almost dead.
You barely miss the orc with your +0 dagger.
The orc hits you with a +0 club. The orc barely misses you.
You barely miss the orc with your +0 long sword.
The orc is almost dead.
You hit the orc but do no damage. The gnoll hits you but does no damage.
The orc barely misses you.
You hit the orc with your +0 long sword.
You kill the orc!
The gnoll hits you from afar with a +0 spear.
You slash the iguana with your +0 long sword!
The iguana is heavily wounded.
You hit the iguana but do no damage. The gnoll barely misses you.
The iguana bites you.
You hit the iguana with your +0 long sword.
The iguana is severely wounded.
You hit the iguana but do no damage.
The gnoll hits you from afar with a +0 spear.
* * * LOW HITPOINT WARNING * * *
The iguana bites you.
* * * LOW HITPOINT WARNING * * *
Okay, then.
It was a potion of degeneration.
There was something very wrong with that liquid.
You feel weakened.
You feel dopey.
You feel clumsy.
The gnoll hits you from afar with a +0 spear.
* * * LOW HITPOINT WARNING * * *
The iguana bites you.
* * * LOW HITPOINT WARNING * * *
Unknown command.
It was a potion of enlightenment.
You feel very buoyant.
You fly up into the air.
The gnoll hits you but does no damage. The iguana bites you!
You die...

#..# ##...#
#..######....#
...###..#......#.#.
#.................
### ###..........#
.... #.....>.....###
.... #..............
#..####...#......##..
#..@l.h..#..........
#####gg..#........#.
#.....$)†............
.....................
.............####....
...h........## ..##.
...o.......## .## #.
g........#.# .. ..
...........#


You could see an iguana, a hound and 2 gnolls.

Vanquished Creatures
  A gnoll (D:4)
  2 adders (D:2)
  A dart slug (D:2)
  2 orcs (D:4)
  A ball python (D:1)
  3 endoplasms
  A giant cockroach (D:4)
  A goblin (D:1)
  3 hobgoblins
  2 jackals (D:4)
  4 quokkas
  2 bats (D:2)
  A frilled lizard (D:1)
  A kobold (D:1)
  4 rats
29 creatures vanquished.

Notes
Turn   | Place    | Note
-------+----------+-------------------------------------------
     0 | D:1      | MurktideRegent the Coglin Gladiator began the quest for the
                  | Orb.
     0 | D:1      | Reached XP level 1. HP: 16/16 MP: 1/1
   299 | D:1      | Reached XP level 2. HP: 22/22 MP: 2/2
   766 | D:2      | Reached XP level 3. HP: 21/28 MP: 3/3
   953 | D:2      | You fall into a shaft and drop 2 floors!
   997 | D:4      | Reached skill level 4 in Long Blades
  1004 | D:4      | Reached XP level 4. HP: 25/34 MP: 4/4
  1016 | D:4      | HP: 1/34 [iguana (1)]
  1017 | D:4      | Mangled by an iguana

Illustrated notes

Levels and vault maps discovered:
D:1:      minmay_arrival_four_loops, layout_loops_ring, minmay_quantized
D:2:      layout_basic, due_unseen_surprise
D:4:      layout_rooms, minmay_temple_entry_gardened_gates, serial_shops,
          nicolae_shop_pleasant_corner_grove, shop, uniq_natasha

Skill      XL: |  1  2  3 |
---------------+----------+-----
Dodging        | 3 |  3.1
Long Blades    | 4 |  4.0
Fighting       | |  2.7
Throwing       | |  1.7

Action                     |  1- 3 |  4- 6 || total
---------------------------+-------+-------++-------
  Melee: Long sword        |    57 |    11 ||    68
         Dagger            |    49 |    11 ||    60
    Use: Potion            |       |     2 ||     2
   Stab: Sleeping          |     1 |       ||     1
         Distracted        |     1 |       ||     1
 Armour: Leather armour    |    24 |       ||    24
         Ring mail         |    15 |    13 ||    28
  Dodge: Dodged            |    49 |     6 ||    55

Table legend: (Time is in decaauts)
 A = Elapsed time spent in this place.
 B = Non-inter-level travel time spent in this place.
 C = Inter-level travel time spent in this place.
 D = Time resting spent in this place.
 E = Time spent auto-exploring this place.
 F = Levels seen in this place.
 G = Mean time per level.
                   A        B        C        D        E       F      G
               +--------+--------+--------+--------+--------+-----+--------+
         Total |   1022 |    958 |     64 |      0 |    774 |   3 |  340.7 |
       Dungeon |   1022 |    958 |     64 |      0 |    774 |   3 |  340.7 |
               +--------+--------+--------+--------+--------+-----+--------+

Top non-repeatable levels by time:
     D:1: 734 daAuts
     D:2: 223 daAuts
     D:4: 64 daAuts
